 Dungeon Crawl Stone Soup version 0.30-a0-358-g0d69a1922f (webtiles) character file.

Game seed: 11782483025967351795

606 ytrimaz the Carver (level 7, 0/45 (52) HPs)
             Began as a Formicid Fighter on Nov 10, 2022.
             Slain by a gnoll
             ... wielding a +0 halberd
              (7 damage)
             ... on level 4 of the Dungeon.
             The game lasted 00:04:39 (3301 turns).

ytrimaz the Carver (Formicid Fighter)               Turns: 3301, Time: 00:04:39

HP:   0/45 (52)     AC:  6    Str: 20    XL:     7   Next: 71%
MP:   0/7           EV:  9    Int:  8    God:
Gold: 156           SH:  5    Dex: 15    Spells: 6/6 levels left

rFire   . . .      SeeInvis +    a - +1 long sword
rCold   . . .      Faith    .    c - +0 buckler
rNeg    . . .      Spirit   +    b - +0 scale mail
rPois   .          Reflect  .    (helmet unavailable)
rElec   .          Harm     .    (no cloak)
rCorr   .          Rampage  .    (no gloves)
Will    .....                    (no boots)
Stlth   ..........               k - amulet of guardian spirit
HPRegen 0.27/turn                (no ring)
MPRegen 0.10/turn                (no ring)

@: heavily drained
A: permanent stasis, dig shafts and tunnels, antennae 3, four strong arms
a: Dig, Shaft Self


You were on level 4 of the Dungeon.
You visited 1 branch of the dungeon, and saw 4 of its levels.

You collected 156 gold pieces.


Innate Abilities, Weirdness & Mutations

You cannot be hasted, slowed, berserked, paralysed or teleported.
You can dig through walls and to a lower floor.
You have a pair of large antennae on your head. (SInv)
Your four strong arms can wield two-handed weapons with a shield.


   Skills:
 - Level 3.2 Fighting
 + Level 8.0 Long Blades
 - Level 3.2 Armour
 - Level 4.0 Shields


You had 6 spell levels left.
You didn't know any spells.
Your spell library contained the following spells:

 Spells                   Type           Power      Damage    Failure   Level
 Dazzling Flash           Conj/Hex       0%         N/A       99%         3
 Agony                    Necr           0%         N/A       100%        5
 Silence                  Hex/Air        0%         N/A       100%        5
 Yara's Violent Unravell  Hex/Tmut       0%         3d3       100%        5
 Enfeeble                 Hex            0%         N/A       100%        7
 Borgnjor's Revivificati  Necr           0%         N/A       100%        8
 Necromutation            Tmut/Necr      0%         N/A       100%        8
 Death's Door             Necr           0%         N/A       100%        9

Inventory:

Hand Weapons
 a - a +1 long sword (weapon)
Missiles
 i - 14 curare-tipped darts (quivered)
Armour
 b - a +0 scale mail (worn)
 c - a +0 buckler (worn)
Jewellery
 g - a ring of ice
   (You found it on level 1 of the Dungeon)
 k - an amulet of guardian spirit (around neck)
   (You found it on level 1 of the Dungeon)
Scrolls
 e - a scroll of identify
 h - a scroll of enchant weapon
Potions
 d - a potion of curing
 f - a potion of mutation {unknown}
 m - a potion of attraction {unknown}
 r - a potion of flight {unknown}

Dungeon Overview and Level Annotations

Branches:
Dungeon (4/15) Zot: 20648
 Temple: D:4-7

Altars:

#..#.....#........
#..#.....#.....(..
#..#.....#........
#..#.....#........
#..#.....#.)..g...
#..#.....#)###.##.
########.)...#.###
##g#...#....#.g.#.
#@#{.g.#....#...#.
######g#....#..###
#..##..#....#.รท##.
#.....g#....#...โ€
.
#......#..g.#...#.
#......#gg..#)..#.
#######g#....#...#.
#............#..###
#............#..#


You could see a gnoll.


Message History

You lost 1 mp, and now have 5/7 mp.
Unknown command.
You are too injured to fight recklessly!
Unknown command.
You are too injured to fight recklessly!
You closely miss the gnoll.
The gnoll hits you from afar with a +0 halberd.
The gnoll hits you with a +0 spear.
The gnoll barely misses you. ๐Ÿ˜ฎ HP[-6] MP[-1]
You take 6 damage, and now have 33/52 hp.
You lost 1 mp, and now have 4/7 mp.
You hit the gnoll but do no damage.
The gnoll hits you from afar with a +0 halberd.
The gnoll barely misses you. x2 ๐Ÿ˜ฎ HP[-4] MP[-1]
You take 4 damage, and now have 29/52 hp.
You lost 1 mp, and now have 3/7 mp.
You are too injured to fight recklessly!
Unknown command.
The gnoll hits you from afar with a +0 spear.
The gnoll barely misses you. ๐Ÿ˜ฎ HP[+1] ๐Ÿ˜ฎ MP[+1] ๐Ÿ˜ฎ HP[+1]
There is an open door, spattered with blood here.
Things that are here:
a +0 whip; a +0 whip; a gnoll skeleton; ๐Ÿ˜ฎ HP[+1]
Items here: ))) [ รทรท. ๐Ÿ˜ฎ HP[+1] MP[+1]
You extend your mandibles.
You dig through the rock wall.
You feel drained. ๐Ÿ˜ฎ HP[+1]
You now have 50 max hp (-2).
Unknown command.
You retract your mandibles.
The gnoll hits you with a +0 halberd. ๐Ÿ˜ฎ HP[-5]
You take 5 damage, and now have 29/50 hp.
You hit the gnoll but do no damage.
The gnoll hits you from afar with a +0 halberd!
* * * LOW HITPOINT WARNING * * *
The gnoll hits you with a +0 halberd!
* * * LOW HITPOINT WARNING * * *
๐Ÿ˜จ HP[-15] MP[-3]
You take 15 damage, and now have 14/50 hp.
MASSIVE DAMAGE!! (PAUSE)
You lost 3 mp, and now have 2/7 mp.
You barely miss the gnoll. The gnoll hits you but does no damage.
The gnoll hits you with a +0 halberd.
* * * LOW HITPOINT WARNING * * *
Unknown command.
The gnoll attacks as you move away! The gnoll hits you with a +0 halberd.
* * * LOW HITPOINT WARNING * * *
The gnoll barely misses you. ๐Ÿ˜ฑ HP[-5]
You take 5 damage, and now have 9/50 hp. ๐Ÿ˜ฑ HP[+1] MP[+1]
You block the gnoll's attack. ๐Ÿ˜ฑ HP[+1]
There is an open door here. ๐Ÿ˜ฑ HP[+1] ๐Ÿ˜ฑ MP[+1] ๐Ÿ˜จ HP[+1]
There is an open door here.
You extend your mandibles.
You dig through the rock wall.
You feel drained. ๐Ÿ˜จ HP[+1]
You now have 48 max hp (-2).
You dig through the rock wall.
You feel drained.
You now have 46 max hp (-2).
You dig through the rock wall.
You feel drained.
You now have 44 max hp (-2).
Unknown command. ๐Ÿ˜จ HP[+1] Unknown command.
You retract your mandibles.
You slash the gnoll!
You block the gnoll's attack. ๐Ÿ˜จ MP[+1]
You hit the gnoll. You block the gnoll's attack.
You closely miss the gnoll. The gnoll hits you with a +0 halberd.
* * * LOW HITPOINT WARNING * * *
You completely miss the gnoll. You block the gnoll's attack.
You closely miss the gnoll. The gnoll hits you with a +0 halberd!
* * * LOW HITPOINT WARNING * * *
๐Ÿ˜ฑ HP[-5] MP[-2]
You take 5 damage, and now have 10/44 hp.
You lost 2 mp, and now have 3/7 mp.
You slash the gnoll!
You kill the gnoll!
You now have 45 max hp (+1).
You hit the gnoll. The gnoll hits you with a +0 halberd.
* * * LOW HITPOINT WARNING * * *
๐Ÿ˜ฑ HP[-3] MP[-1]
You take 3 damage, and now have 7/45 hp.
You lost 1 mp, and now have 2/7 mp.
You barely miss the gnoll. The gnoll closely misses you.
You barely miss the gnoll. The gnoll hits you with a +0 halberd!
You die...

Skill      XL: |  1  2  3  4  5  6  7 |
---------------+----------------------+-----
Long Blades    | 3 4 6 8 |  8.0
Fighting       | |  3.2
Armour         | |  3.2
Shields        | |  4.0

Action                   |  1- 3 |  4- 6 |  7- 9 || total
-------------------------+-------+-------+-------++-------
Melee: Long sword        |    56 |   164 |    76 ||   296
Throw: Dart              |       |    13 |       ||    13
 Abil: Dig               |       |     1 |     2 ||     3
  Use: Potion            |     1 |     2 |     5 ||     8
       Scroll            |       |     1 |     6 ||     7
Armor: Scale mail        |    31 |    54 |     6 ||    91
       Skin              |       |       |    45 ||    45
Dodge: Dodged            |    31 |    56 |    23 ||   110
Block: Buckler           |    22 |    32 |    14 ||    68

Levels and vault maps discovered:
D:1:      nzn_arrival_depleted_hourglass, layout_basic,
          nicolae_kite_square_tiling_tiny, roderic_lattice_a
D:2:      layout_loops_ring
D:3:      layout_basic, uniq_grinder, uniq_robin
D:4:      layout_gridville, minmay_misc_feat_columns, nicolae_take_the_stairs,
          serial_park_tiny_pond

Notes
Turn   | Place    | Note
-------+----------+-------------------------------------------
     0 | D:1      | ytrimaz the Formicid Fighter began the quest for the Orb.
     0 | D:1      | Reached XP level 1. HP: 18/18 MP: 1/1
     0 | D:1      | magus.rc [v1.9.6]
   101 | D:1      | Reached XP level 2. HP: 24/24 MP: 2/2
   225 | D:1      | You pick up a book of the Senses and begin reading...
   225 | D:1      | You add the spells Dazzling Flash, Agony and Silence to
                  | your library.
   289 | D:1      | Reached skill level 3 in Long Blades
   829 | D:1      | Reached XP level 3. HP: 29/29 MP: 3/3
  1033 | D:2      | Reached skill level 4 in Long Blades
  1033 | D:2      | Reached XP level 4. HP: 22/35 MP: 4/4
  1754 | D:3      | Noticed Robin
  1789 | D:3      | Reached XP level 5. HP: 25/37 MP: 3/5
  1813 | D:3      | Killed Robin
  1814 | D:3      | Reached skill level 5 in Long Blades
  1972 | D:3      | Noticed Grinder
  2046 | D:3      | Killed Grinder
  2047 | D:3      | Reached skill level 6 in Long Blades
  2047 | D:3      | Reached XP level 6. HP: 26/47 MP: 2/6
  2196 | D:3      | You add the spells Borgnjor's Revivification, Necromutation
                  | and Death's Door to your library.
  2356 | D:3      | You pick up a book of Misfortune and begin reading...
  2356 | D:3      | You add the spells Yara's Violent Unravelling and Enfeeble
                  | to your library.
  2470 | D:3      | Reached XP level 7. HP: 50/52 MP: 7/7
  2688 | D:4      | Noticed a steam dragon
  2694 | D:4      | HP: 10/52 [steam dragon/ball of steam (16)]
  2695 | D:4      | HP: 4/52 [steam dragon (3)]
  2702 | D:4      | HP: 14/78 [steam dragon] (3)]
  2704 | D:4      | HP: 5/78 [steam dragon (2)]
  2706 | D:4      | Killed a steam dragon
  2707 | D:4      | Reached skill level 7 in Long Blades
  2995 | D:4      | Reached skill level 8 in Long Blades
  3271 | D:4      | HP: 9/50 [gnoll/+0 halberd (5)]
  3297 | D:4      | HP: 10/44 [gnoll/+0 halberd (5)]
  3301 | D:4      | Slain by a gnoll

Vanquished Creatures
  Grinder (D:3)
  A steam dragon (D:4)
  A gnoll bouda (D:4)
  A jelly (D:3)
  An iguana (D:4)
  Robin (D:3)
  8 gnolls
  2 adders (D:3)
  2 worms
  3 dart slugs
  3 orcs (D:3)
  8 endoplasms
  A giant cockroach (D:1)
  20 goblins
  8 hobgoblins
  4 quokkas
  7 ball pythons
  7 bats
  2 frilled lizards
  5 kobolds
  3 rats
89 creatures vanquished.

Table legend:
 A = Non-vault XP
 B = Vault XP
 C = Vault XP percentage of total XP
 D = Non-vault monster count
 E = Vault monster count
 F = Vault count percentage of total count
                 A         B        C        D         E       F
            +---------+---------+-------+---------+---------+-------
      Total |     556 |     311 |  35.9 |      75 |      14 |  15.7
            +---------+---------+-------+---------+---------+-------
        D:1 |      30 |       0 |   0.0 |      18 |       0 |   0.0
        D:2 |      85 |       0 |   0.0 |      24 |       0 |   0.0
        D:3 |     100 |     311 |  75.7 |      18 |      14 |  43.8
        D:4 |     341 |       0 |   0.0 |      15 |       0 |   0.0
            +---------+---------+-------+---------+---------+-------

Illustrated notes

Table legend:
 A = Kills in this place as a percentage of kills in entire the game.
 B = Kills by you in this place as a percentage of kills by you in the entire game.
 C = Kills by friends in this place as a percentage of kills by friends in the entire game.
 D = Other kills in this place as a percentage of other kills in the entire game.
 E = Experience gained in this place as a percentage of experience gained in the entire game.
 F = Experience gained in this place divided by the number of levels of this place that you have seen.
                   A       B       C       D       E      F
               +-------+-------+-------+-------+-------+----------------------
         Total | 100.0 | 100.0 |   N/A |   N/A | 100.0 | 216.8
       Dungeon | 100.0 | 100.0 |   N/A |   N/A | 100.0 | 216.8
               +-------+-------+-------+-------+-------+----------------------

Table legend: (Time is in decaauts)
 A = Elapsed time spent in this place.
 B = Non-inter-level travel time spent in this place.
 C = Inter-level travel time spent in this place.
 D = Time resting spent in this place.
 E = Time spent auto-exploring this place.
 F = Levels seen in this place.
 G = Mean time per level.
                   A        B        C        D        E       F      G
               +--------+--------+--------+--------+--------+-----+--------+
         Total |   3350 |   3214 |    136 |     57 |   2385 |   4 |  837.5 |
       Dungeon |   3350 |   3214 |    136 |     57 |   2385 |   4 |  837.5 |
               +--------+--------+--------+--------+--------+-----+--------+

Top non-repeatable levels by time:
     D:1: 928 daAuts
     D:3: 926 daAuts
     D:2: 816 daAuts
     D:4: 679 daAuts
